 Dungeon Crawl Stone Soup version 0.19.0-2-gae57169 (webtiles) character file.

86 Quirk the Shield-Bearer (level 4, -1/29 HPs)
             Began as a Gargoyle Fighter on Nov 2, 2016.
             Slain by a goblin
             ... wielding a +0 club
             ... led by Robin
              (3 damage)
             ... on level 2 of the Dungeon.
             The game lasted 00:02:17 (1335 turns).

Quirk the Shield-Bearer (Gargoyle Fighter)          Turns: 1335, Time: 00:02:18

Health: -1/29      AC: 10    Str: 24    XL:     4   Next: 50%
Magic:  4/4        EV:  8    Int:  9    God:
Gold:   76         SH: 10    Dex: 10    Spells: 0 memorised, 3 levels left

rFire  . . .     SeeInvis +     a - +0 flail
rCold  . . .     Gourm    .     b - +0 scale mail
rNeg   + . .     Faith    .     c - +0 shield
rPois  ∞         Spirit   .     (no helmet)
rElec  +         Reflect  .     (no cloak)
rCorr  .         Harm     .     (no gloves)
MR     .....                    (no boots)
Stlth  ..........               (no amulet)
                                (no ring)
                                i - ring of see invisible

@: mighty
A: negative energy resistance 1, electricity resistance, unbreathing,
petrification resistance, rot immunity, AC +3
a: no special abilities


You were on level 2 of the Dungeon.
You were not hungry.

You visited 1 branch of the dungeon, and saw 2 of its levels.

You collected 76 gold pieces.

Inventory:

Hand Weapons
 a - a +0 flail (weapon)
 m - a +2 dagger of draining
Armour
 b - a +0 scale mail (worn)
 c - a +0 shield (worn)
Jewellery
 i - a ring of see invisible (left hand)
Scrolls
 e - a scroll of identify {unknown}
 j - a scroll of remove curse {unknown}
 k - a scroll of fog {unknown}
Potions
 h - a potion of brilliance {unknown}
 l - a potion of curing {unknown}
 n - a potion of haste {unknown}
Comestibles
 f - 2 bread rations
 g - a beef jerky
 o - 2 chunks of flesh


   Skills:
 + Level 4.0 Fighting
 + Level 2.4 Maces & Flails
 + Level 3.7 Armour
 + Level 1.2 Dodging
 + Level 4.1 Shields


You had 3 spell levels left.
You didn't know any spells.

Dungeon Overview and Level Annotations

Branches:
Dungeon (2/15)

Altars:
Qazlal

Annotations:
D:2 Robin


Innate Abilities, Weirdness & Mutations

You are resistant to torment.
Your stone body is resilient. (AC +3)
You are immune to poison.
You resist negative energy. (rN+)
You are resistant to electric shocks. (rElec)
You can survive without breathing.
You are immune to petrification.
You are immune to rotting.


Message History

The goblin hits you but does no damage. x2; The goblin barely misses you.
You block the goblin's attack.
You bludgeon the goblin!!
You kill the goblin!
Robin throws the goblin at you! The goblin hits you but does no damage.
You block the goblin's attack. The goblin hits you but does no damage.
The goblin completely misses you.
Unknown command.
You sock the goblin!
You kill the goblin!
The goblin hits you but does no damage. You block the goblin's attack.
The goblin barely misses you. Robin throws the goblin at you!
The goblin hits you but does no damage. x2
Unknown command.
Your shield prevents you from hitting the goblin.
You block the goblin's attack.
The goblin hits you with an uncursed club.
* * * LOW HITPOINT WARNING * * *
The goblin hits you with a club.
You die...

.....#.... #...
#..............#####
#....g............##
.... ............##
..###...###.....##
###.#E#...#E#.....#.
#...###...###.....#.
#ggg............#.
#@ggg._........##.
##g..............#
#.###...###......#
...#E#...#E#.[....#
.....###...###......#
....#................#
................)....#
... ###...............
..................


You could see an earth elemental, an air elemental, Robin and 6 goblins.

Vanquished Creatures
  An adder (D:2)
  4 gnolls (D:1)
  An ooze (D:1)
  2 dart slugs (D:1)
  6 bats (D:1)
  A giant cockroach (D:1)
  6 goblins
  3 hobgoblins
  3 kobolds (D:1)
  A ball python (D:1)
  2 frilled lizards (D:1)
  2 rats (D:1)
32 creatures vanquished.

Notes
Turn   | Place    | Note
-------+----------+-------------------------------------------
     0 | D:1      | Quirk the Gargoyle Fighter began the quest for the Orb.
     0 | D:1      | Reached XP level 1. HP: 14/14 MP: 1/1
   169 | D:1      | Reached XP level 2. HP: 17/19 MP: 2/2
   396 | D:1      | Reached skill level 1 in Dodging
   421 | D:1      | Reached XP level 3. HP: 21/24 MP: 3/3
   983 | D:1      | Reached XP level 4. HP: 15/29 MP: 4/4
  1265 | D:2      | Noticed a fire elemental
  1268 | D:2      | Found a stormy altar of Qazlal.
  1299 | D:2      | Noticed an air elemental
  1305 | D:2      | Noticed an earth elemental
  1305 | D:2      | Noticed a water elemental
  1308 | D:2      | Noticed Robin
  1335 | D:2      | Slain by a goblin

Skill      XL: |  1  2  3  4 |
---------------+-------------+-----
Dodging        | 1 |  1.2
Shields        | 4 |  4.1
Fighting       | 4 |  4.0
Maces & Flails | |  2.4
Armour         | |  3.7

Action                   |  1- 3 |  4- 6 || total
-------------------------+-------+-------++-------
Melee: Flail             |    97 |    39 ||   136
  Use: Potion            |       |     1 ||     1
  Eat: Chunk             |       |     2 ||     2
Armor: Scale mail        |    58 |    46 ||   104
Dodge: Dodged            |    37 |    22 ||    59
Block: Shield            |    51 |    37 ||    88
